 Dungeon Crawl Stone Soup version 0.17-a0-1056-g838d5c0 (webtiles) character file.

452 ahoge the Shield-Bearer (level 7, -13/44 HPs)
             Began as a Gargoyle Fighter on May 16, 2015.
             Mangled by HEYYEYAAE's ghost (14 damage)
             ... on level 4 of the Dungeon.
             The game lasted 00:12:20 (4340 turns).

ahoge the Shield-Bearer (Gargoyle Fighter)          Turns: 4340, Time: 00:12:20

Health: -13/44     AC: 10    Str: 20    XL:     7   Next: 5%
Magic:  7/7        EV:  9    Int: 11    God:
Gold:   204        SH: 10    Dex: 11    Spells: 0 memorised, 6 levels left

rFire  . . .     SeeInvis +     a - +0 flail
rCold  . . .     Clarity  .     m - +0 ring mail
rNeg   + . .     SustAb   .     c - +0 shield
rPois  ∞         Gourm    .     (no helmet)
rElec  +         Spirit   .     (no cloak)
rCorr  +         Warding  .     (no gloves)
rMut   .         Stasis   .     (no boots)
MR     .....                    p - amulet of resist corrosion
Stlth  +.........               r - +3 ring of intelligence
                                q - ring of see invisible

@: not resistant to hostile enchantments, very unstealthy
A: negative energy resistance 1, electricity resistance, unbreathing,
petrification resistance, rot immunity, AC +4
a: no special abilities


You were on level 4 of the Dungeon.
You were not hungry.

You visited 1 branch of the dungeon, and saw 4 of its levels.

You collected 204 gold pieces.

Inventory:

Hand weapons
 a - a +0 flail (weapon)
Armour
 b - a +0 scale mail
 c - a +0 shield (worn)
 d - a +1 hat
 m - a +0 ring mail (worn)
Jewellery
 p - an amulet of resist corrosion (around neck)
 q - a ring of see invisible (left hand)
 r - a +3 ring of intelligence (right hand)
Scrolls
 f - 3 scrolls of enchant armour {unknown}
 g - 2 scrolls of blinking {unknown}
 i - 4 scrolls of remove curse {unknown}
 l - a scroll of random uselessness {unknown}
 n - 2 scrolls of identify {unknown}
 x - a scroll of teleportation {unknown}
 y - a scroll of recharging {unknown}
Potions
 h - a potion of brilliance
 u - a potion of agility {unknown}
 w - a potion of magic {unknown}
Comestibles
 e - 4 bread rations
 j - a beef jerky
 o - 5 fruits
 s - a meat ration
 t - 2 slices of pizza
 v - a chunk of flesh


   Skills:
 + Level 4.7 Fighting
 + Level 3.4 Maces & Flails
 + Level 4.4 Armour
 + Level 2.2 Dodging
 + Level 1.2 Stealth
 + Level 5.2 Shields


You had 6 spell levels left.
You didn't know any spells.

Dungeon Overview and Level Annotations

Branches:
Dungeon (4/15)
 Temple: D:4-7

Altars:
Trog
Vehumet

Annotations:
D:4 HEYYEYAAE's ghost, average TrCK


Innate Abilities, Weirdness & Mutations

You are resistant to torment.
Your stone body is resilient (AC +4).
You are immune to poison.
You resist negative energy.
You are resistant to electric shocks.
You can survive without breathing.
You are immune to petrification.
You are immune to rotting.


Message History

HEYYEYAAE's ghost hits you but does no damage.
You sock HEYYEYAAE's ghost!
HEYYEYAAE's ghost is heavily damaged.
HEYYEYAAE's ghost completely misses you.
You hit HEYYEYAAE's ghost.
HEYYEYAAE's ghost is heavily damaged.
HEYYEYAAE's ghost hits you.
You hit HEYYEYAAE's ghost.
HEYYEYAAE's ghost is heavily damaged.
HEYYEYAAE's ghost hits you!
* * * LOW HITPOINT WARNING * * *
You are too injured to fight recklessly!
You are too injured to fight recklessly!
You are too injured to fight recklessly!
You closely miss HEYYEYAAE's ghost.
HEYYEYAAE's ghost is heavily damaged.
HEYYEYAAE's ghost hits you.
* * * LOW HITPOINT WARNING * * *
HEYYEYAAE's ghost hits you!
You die...

.?.##.[.............## #.#
#. ........[............#
#.# #.
..........#.#..###...## #.#
#. #...........#..# #....#
#.# #. ##.............#
##...# #.# #.
#..#..........# #.(.# #.#
##. #............<# #..)#
#.# #..
##.##.........####...## #.#
#.# #.##........bW@....<.##
#.# #.#
#.........##.####.....# #.#
#.# ####.##.#>##.# #..#..#
#.# #.#
#.##.#.##.####..#..###.###)#
#.#.............#..........#
#.........#######......#####
###...##### #..(....# ##<##
##.####.# #.# #..# #.#


You could see HEYYEYAAE's ghost and a bat.

Vanquished Creatures
  An ogre (D:4)
  A phantom (D:4)
  A giant frog skeleton (D:4)
  An iguana (D:4)
  An orc priest (D:4)
  4 adders
  4 gnolls (D:1)
  A shadow imp (D:4)
  3 oozes
  A worm (D:3)
  A giant gecko (D:3)
  4 orcs
  8 bats
  10 goblins
  14 hobgoblins
  13 jackals
  A quokka (D:4)
  4 giant cockroaches
  2 giant newts (D:1)
  5 kobolds
  15 rats
95 creatures vanquished.

Vanquished Creatures (others)
  A giant newt (D:3)
1 creature vanquished.

Grand Total: 96 creatures vanquished

Notes
Turn   | Place    | Note
--------------------------------------------------------------
     0 | D:1      | ahoge the Gargoyle Fighter began the quest for the Orb.
     0 | D:1      | Reached XP level 1. HP: 14/14 MP: 1/1
   223 | D:1      | Reached XP level 2. HP: 19/19 MP: 2/2
   528 | D:1      | Reached skill level 4 in Shields
   528 | D:1      | Reached XP level 3. HP: 16/23 MP: 3/3
  1235 | D:1      | Reached skill level 1 in Dodging
  1235 | D:1      | Reached XP level 4. HP: 12/29 MP: 4/4
  1801 | D:2      | Reached XP level 5. HP: 28/33 MP: 5/5
  1839 | D:2      | You fall through a shaft for 2 floors!
  1949 | D:4      | Noticed HEYYEYAAE's ghost (average TrCK)
  1966 | D:4      | HP: 1/33 [HEYYEYAAE's ghost (9)]
  1989 | D:4      | Noticed a phantom
  3026 | D:3      | Found a radiant altar of Vehumet.
  3606 | D:3      | Found a bloodstained altar of Trog.
  3901 | D:4      | Reached XP level 6. HP: 28/38 MP: 6/6
  3919 | D:4      | Reached skill level 5 in Shields
  3997 | D:4      | Noticed an ogre
  4008 | D:4      | Killed an ogre
  4008 | D:4      | Reached skill level 1 in Stealth
  4268 | D:4      | Killed a phantom
  4268 | D:4      | Reached XP level 7. HP: 40/44 MP: 7/7
  4340 | D:4      | HP: 1/44 [HEYYEYAAE's ghost (3)]
  4340 | D:4      | Mangled by HEYYEYAAE's ghost

Vault maps used:
D:1:      onia_arrival_larder
D:3:      fiery_altar_vehumet, trog_book
D:4:      amethyst_overflow_temple_binary, first_bread

Action                   |  1- 3 |  4- 6 |  7- 9 || total
-------------------------+-------+-------+-------++-------
Melee: Flail             |   118 |   222 |    27 ||   367
  Use: Potion            |       |     5 |     1 ||     6
  Eat: Chunk             |       |    11 |     1 ||    12
